 Dungeon Crawl Stone Soup version 0.28.0-45-g0d030f2227 (webtiles) character file.

Game seed: 56217147025897955

2 MisterFreud the Covert (level 1, -1/23 HPs)
             Began as a Gnoll Delver on May 26, 2022.
             Killed by divine providence
             ... invoked by an orc priest
              (12 damage)
             ... on level 6 of the Dungeon.
             The game lasted 00:00:18 (52 turns).

MisterFreud the Covert (Gnoll Delver)                 Turns: 52, Time: 00:00:18

Health: -1/23      AC:  3    Str: 11    XL:     1   Next: 30%
Magic:  1/1        EV: 13    Int:  9    God:
Gold:   0          SH:  0    Dex: 13    Spells: 0/0 levels left

rFire   . . .      SeeInvis .   a - +0 short sword
rCold   . . .      Faith    .   (no shield)
rNeg    . . .      Spirit   .   b - +0 leather armour
rPois   .          Reflect  .   (no helmet)
rElec   .          Harm     .   (no cloak)
rCorr   .          Rampage  .   (no gloves)
Will    .....                   (no boots)
Stlth   ++++......              (no amulet)
HPRegen 0.07/turn               (no ring)
MPRegen 0.07/turn               (no ring)

@: no status effects
A: fangs 1, strong nose, distributed training
a: no special abilities


You were on level 6 of the Dungeon.
You visited 1 branch of the dungeon, and saw 2 of its levels.

Inventory:

Hand Weapons
 a - a +0 short sword (weapon)
Armour
 b - a +0 leather armour (worn)
Wands
 g - a wand of digging (3)
Scrolls
 c - a scroll of fog
 d - a scroll of magic mapping
 e - a scroll of fear
Potions
 f - a potion of haste


   Skills:
 + Level 6.4 Fighting
 + Level 4.4 Short Blades
 + Level 0.0 Long Blades
 + Level 0.0 Axes
 + Level 0.0 Maces & Flails
 + Level 0.0 Polearms
 + Level 0.0 Staves
 + Level 0.0 Slings
 + Level 0.0 Bows
 + Level 0.0 Crossbows
 + Level 0.0 Throwing
 + Level 0.0 Armour
 + Level 4.4 Dodging
 + Level 9.5 Stealth
 + Level 0.0 Shields
 + Level 0.0 Unarmed Combat
 + Level 0.0 Spellcasting
 + Level 0.0 Conjurations
 + Level 0.0 Hexes
 + Level 0.0 Summonings
 + Level 0.0 Necromancy
 + Level 0.0 Translocations
 + Level 0.0 Transmutations
 + Level 0.0 Fire Magic
 + Level 0.0 Ice Magic
 + Level 0.0 Air Magic
 + Level 0.0 Earth Magic
 + Level 0.0 Poison Magic
 + Level 0.1 Invocations
 + Level 0.0 Evocations


You couldn't memorise any spells.
You didn't know any spells.
Your spell library was empty.

Dungeon Overview and Level Annotations

Branches:
Dungeon (6/15)
 Temple: D:4-7

Altars:


Innate Abilities, Weirdness & Mutations

You have very sharp teeth.
Your uncanny sense of smell can sniff out nearby items.
Your experience applies equally to all skills.


Message History

There is a stone staircase leading up here.
Unknown command.
Unknown command.
An orc comes into view. It is wielding a +0 hand axe.
An orc is nearby!
The helpless orc fails to defend itself.
You skewer the orc like a kebab!!!
You kill the orc!
There is a stone staircase leading up here.
Found a dagger.
Found a stone staircase leading down.
Found a rapier.
An orc comes into view. It is wielding a +0 flail.
An orc is nearby!
An orc priest comes into view. It is wielding a +0 short sword.
An orc warrior comes into view. It is wielding a +0 short sword.
Found a stone staircase leading up.
The orc shouts!
The orc warrior shouts!
The orc priest calls down the wrath of Beogh upon you.
Beogh smites you!
Ouch! That really hurt!
The orc closely misses you.
You are too injured to fight recklessly!
The orc barely misses you.
You can't go down here!
You barely miss the orc. The orc warrior closely misses you.
The orc barely misses you.
There is a stone staircase leading down here.
The orc barely misses you.
The orc priest miscasts a cantrip.
The orc priest begins to cast a cantrip, but forgets the words!
Found a scroll labelled UCAAW TUAJAI.
An ice beast comes into view.
Found an escape hatch in the ceiling.
You hear the slow rusting of a drain very nearby.
You see here a scroll labelled UCAAW TUAJAI.
The orc priest mumbles some strange prayers to Beogh against you.
Beogh smites you!
Ouch! That really hurt!
You die...

##..# #..## ##.##
## ≈..#..#
####.##..#.##
...#....#.#
.....#.#.#
#<##.....###
#@###...)..##
#o#####..#..####..
#...# ##.o.......#
###o# #.>##..#....
#.###.####...###
#.o##.# ##.)#
#.....# ..#
#..#### #..# #..#
#.#


You could see an orc warrior, an orc priest and an orc.

Vanquished Creatures
  An orc (D:6)
1 creature vanquished.

Notes
Turn   | Place    | Note
-------+----------+-------------------------------------------
     0 | D:5      | Reached skill level 9 in Stealth
     0 | D:5      | MisterFreud the Gnoll Delver began the quest for the Orb.
     0 | D:5      | Reached XP level 1. HP: 23/23 MP: 1/1
    30 | D:6      | Noticed an orc priest
    31 | D:6      | Noticed an orc warrior
    47 | D:6      | Noticed an ice beast
    52 | D:6      | Killed from afar by an orc priest

Illustrated notes

Levels and vault maps discovered:
D:5:      layout_cave_pools, led_xom_imps, minmay_temple_entry_drinking_statues,
          uniq_crazy_yiuf_cottage, uniq_grinder
D:6:      layout_rooms, gup_sewer_entry_pipe

Skill      XL: | |
---------------+-+-----
Stealth        | |  9.5
Fighting       | |  6.4
Short Blades   | |  4.4
Dodging        | |  4.4
Invocations    | |  0.1

Action                   || total
-------------------------++-------
Melee: Short sword       ||     2
 Stab: Sleeping          ||     1
Dodge: Dodged            ||     5
